 Dungeon Crawl Stone Soup version 0.31-a0-369-g8eba5f6939 (webtiles) character file.

Game seed: 5505601493870194740

43 hashsling the Chiller (level 3, -1/26 HPs)
             Began as a Merfolk Ice Elementalist on July 29, 2023.
             Slain by Sigmund
             ... wielding a +1 heavy scythe
              (17 damage)
             ... on level 2 of the Dungeon.
             The game lasted 00:04:00 (1568 turns).

hashsling the Chiller (Merfolk Ice Elementalist)    Turns: 1568, Time: 00:04:01

Health: -1/26      AC:  2    Str:  8    XL:     3   Next: 58%
Magic:  6/6        EV: 13    Int: 16    God:
Gold:   77         SH:  0    Dex: 14    Spells: 2/6 levels left

rFire   . . .        k - +0 spear
rCold   . . .        (no shield)
rNeg    . . .        a - +0 robe
rPois   .            (no helmet)
rElec   .            (no cloak)
rCorr   .            (no gloves)
SInv    .            (no boots)
Will    .....        (no amulet)
Stlth   +            (no ring)
HPRegen 0.24/turn    (no ring)
MPRegen 0.10/turn

%: no passive effects
@: confused
A: (nimble swimmer 2), mertail
a: no special abilities


You were on level 2 of the Dungeon.
You visited 1 branch of the dungeon, and saw 2 of its levels.

You collected 103 gold pieces.
You spent 26 gold pieces at shops.

Inventory:

Hand Weapons
 k - a +0 spear (weapon)
Armour
 a - a +0 robe (worn)
Scrolls
 f - a scroll of enchant weapon {unknown}
 h - a scroll of butterflies {unknown}
 i - a scroll of acquirement {unknown}
 l - a scroll of revelation {unknown}
 n - 2 scrolls of teleportation {unknown}
 o - a scroll of silence {unknown}
 p - a scroll of noise {unknown}
 q - 3 scrolls of immolation
Potions
 b - a potion of magic
 c - a potion of lignification {unknown}
 d - 2 potions of heal wounds {unknown}
 e - a potion of curing {unknown}
 j - a potion of attraction {unknown}
 m - a potion of might {unknown}
 r - a potion of resistance {unknown}


   Skills:
 * Level 1.5 Fighting
 * Level 0.7 Polearms
 - Level 3.0 Dodging
 - Level 2.1 Stealth
 - Level 2.0 Spellcasting
 + Level 5.2 Ice Magic


You had 2 spell levels left.
You knew the following spells:

 Your Spells              Type           Power      Damage    Failure   Level
a - Freeze                Ice            72%        1d8       2%          1
b - Frozen Ramparts       Ice            36%        1d6       8%          3

Your spell library contained the following spells:

 Spells                   Type           Power      Damage    Failure   Level
 Blink                    Tloc           2%         N/A       30%         2
 Lesser Beckoning         Tloc           2%         N/A       30%         2
 Momentum Strike          Conj/Tloc      2%         3d8       30%         2
 Ozocubu's Armour         Ice            18%        N/A       8%          3
 Summon Ice Beast         Ice/Summ       9%         N/A       56%         4
 Manifold Assault         Tloc           1%         N/A       90%         4


Dungeon Overview and Level Annotations

Branches:
Dungeon (2/15)

Altars:

Shops:
D:1 ?

Annotations:
D:2 Sigmund


Innate Abilities, Weirdness & Mutations

((You are very nimble when in or above water. (Stealth+, EV+, Speed+++)))
Your lower body shifts to a powerful aquatic tail in water.


Message History

Found a stone staircase leading down.
d - 2 yellow potions (gained 1)
You now have 68 gold pieces (gained 8).
r - a viscous orange potion You now have 77 gold pieces (gained 9).
A bat comes into view.
The bat moves out of view.
As you read the scroll of identify, it crumbles to dust.
q - 3 scrolls of immolation
Okay, then.
Found a stone staircase leading down.
Sigmund the Dreaded comes into view.
He is wielding a +1 heavy scythe.
A jackal comes into view.
Found a metallic green potion.
You reach to attack!
The helpless Sigmund fails to defend himself.
You hit Sigmund.
Sigmund is lightly wounded.
The jackal barks!
An endoplasm comes into view.
Sigmund hits you from afar with a +1 heavy scythe!
A jackal comes into view. x2
You reach to attack!
The endoplasm quivers.
The jackal barks!
You hit Sigmund.
Sigmund is lightly wounded.
Sigmund flickers, as though insubstantial.
Sigmund casts a spell at you.
You are confused.
You're too confused to cast spells.
Sigmund barely misses you.
You hit the jackal.
The jackal is almost dead.
The jackal bites you. The jackal closely misses you.
You are too confused!
The jackal closely misses you.
Sigmund hits you from afar with a +1 heavy scythe!
Ouch! That really hurt!
You die...

. .....## #.....#####
.# ####.##......
..#.##...... .
###........... . ..
............. .
.....###........... .
.......#.h.@....!..
...#.#....h.......#
#.#..###Jh.@#######
#.#.# #..#.## # #.#.#
#..#..## # ####...#
##.....###
###......#####.#.#....
............##....#...
.##.#####.#...#...#....
.##.# #.###..##.#....
....## #.# ##........


You could see Sigmund, an endoplasm and 3 jackals.

Vanquished Creatures
  4 ball pythons
  5 endoplasms
  A giant cockroach (D:2)
  6 goblins
  2 hobgoblins (D:1)
  8 jackals (D:1)
  A kobold (D:2)
  5 bats
  3 frilled lizards (D:1)
  A rat (D:1)
36 creatures vanquished.

Notes
Turn   | Place    | Note
-------+----------+-------------------------------------------
     0 | D:1      | hashsling the Merfolk Ice Elementalist began the quest for
                  | the Orb.
     0 | D:1      | Reached XP level 1. HP: 13/13 MP: 3/3
   176 | D:1      | Reached XP level 2. HP: 15/19 MP: 3/5
   403 | D:1      | Found a faded altar of an unknown god.
   626 | D:1      | Reached skill level 1 in Fighting
   626 | D:1      | Reached skill level 5 in Ice Magic
   757 | D:1      | Reached XP level 3. HP: 26/26 MP: 4/6
   809 | D:1      | Found Nunoic's Magic Scroll Boutique.
   818 | D:1      | Bought a scroll of identify for 26 gold pieces
  1355 | D:2      | Learned a level 3 spell: Frozen Ramparts
  1559 | D:2      | Noticed Sigmund
  1568 | D:2      | Slain by Sigmund

Illustrated notes

Levels and vault maps discovered:
D:1:      heliophobic_arrival_enchanted_forest, layout_basic, serial_shops,
          nicolae_shop_temple_entry_statues_fountains,
          shapermc_ecumenical_altar_mp_urbaneastern, minmay_crystal_room
D:2:      layout_rooms, basic_altar, uniq_sigmund

Skill      XL: |  1  2 |
---------------+-------+-----
Dodging        | 3 |  3.0
Fighting       | 1 |  1.5
Ice Magic      | 5 |  5.2
Polearms       | |  0.7
Stealth        | |  2.1
Spellcasting   | |  2.0

Action                     || total
---------------------------++-------
  Melee: Club              ||    68
         Unarmed           ||     6
         Punch             ||     1
         Spear             ||    31
   Cast: Freeze            ||    34
    Use: Scroll            ||     1
   Stab: Sleeping          ||     8
 Armour: Robe              ||    29
  Dodge: Dodged            ||   112

Table legend: (Time is in decaauts)
 A = Elapsed time spent in this place.
 B = Non-inter-level travel time spent in this place.
 C = Inter-level travel time spent in this place.
 D = Time resting spent in this place.
 E = Time spent auto-exploring this place.
 F = Levels seen in this place.
 G = Mean time per level.
                   A        B        C        D        E       F      G
               +--------+--------+--------+--------+--------+-----+--------+
         Total |   1589 |   1587 |      2 |      0 |   1256 |   2 |  794.5 |
       Dungeon |   1589 |   1587 |      2 |      0 |   1256 |   2 |  794.5 |
               +--------+--------+--------+--------+--------+-----+--------+

Top non-repeatable levels by time:
     D:1: 1306 daAuts
     D:2: 282 daAuts
